AoeStats
← tuds

Lombardia

510137051Analyzed
2v2 RM · 18h ago on Sep 29, 2026· 20m 10s· 4 players
Game mode
Random Map
Map size
Medium (4 player)
Population
200
Speed
Normal
Resources
Standard
Victory
Conquest
Starting age
Dark Age
Ending age
Imperial Age
RankedLock teamsTeams togetherTeam positionsShared explorationLock speedFull tech treeHidden civsTurbo modeCheats
Victory
Defeat
🇺🇸 Varangians · United States
1267
+11
🇵🇱 Cumans · Poland
1187
+15
🇫🇷 Britons · France
1153
-13
🇫🇷 Mongols · France
1151
-13
kontakt
3:11 Loom
10:51 Feudal Age
11:14 Man-at-Arms
13:52 Fletching
DoctorGuevas
8:00 Loom
10:41 Feudal Age
11:10 Double-Bit Axe
16:15 Castle Age
14:38 Stone Mining
20:10 Bow Saw
19:42 Horse Collar
tuds
5:39 Loom
11:23 Feudal Age
16:10 Bloodlines
20:21 Castle Age
19:11 Horse Collar
19:18 Double-Bit Axe
johnny
10:42 Feudal Age
9:51 Loom
15:29 Castle Age
19:26 Elite Skirmisher
Connection lost

Rejoining the realm…

Still unreachable

The connection could not be restored.

Session expired

The server has moved on; the page needs a fresh start.